 Dungeon Crawl Stone Soup version 0.22-a0-49-g614aadd (webtiles) character file.

32 gmonis the Firebug (level 3, -2/26 HPs)
             Began as a Draconian Fire Elementalist on Jan 8, 2018.
             Killed from afar by an orc wizard (8 damage)
             ... with a puff of flame
             ... on level 2 of the Dungeon.
             The game lasted 00:04:03 (1776 turns).

gmonis the Firebug (Draconian Fire Elementalist)    Turns: 1776, Time: 00:04:03

Health: -2/26      AC:  5    Str: 10    XL:     3   Next: 8%
Magic:  1/6        EV: 11    Int: 16    God:
Gold:   112        SH:  3    Dex: 11    Spells: 5/6 levels left

rFire    . . .     SeeInvis .   (no weapon)
rCold    . . .     Gourm    .   c - +0 buckler
rNeg     . . .     Faith    .   (armour unavailable)
rPois    +         Spirit   .   (helmet restricted)
rElec    .         Reflect  .   (no cloak)
rCorr    .         Harm     .   (no gloves)
MR       .....     Rnd*Tele +   (no boots)
Stlth    ++........             (no amulet)
HPRegen  0.08/turn              g - ring of poison resistance
MPRegen  0.10/turn              h - ring of teleportation (curse)

@: no status effects
A: unfitting armour, cold-blooded, AC +5
a: no special abilities


You were on level 2 of the Dungeon.
You were near starving.

You visited 1 branch of the dungeon, and saw 2 of its levels.

You collected 112 gold pieces.

Inventory:

Missiles
 f - a stone (quivered)
Armour
 c - a +0 buckler (worn)
Jewellery
 g - a ring of poison resistance (left hand)
 h - a cursed ring of teleportation (right hand)
Scrolls
 e - a scroll of identify {unknown}
 i - a scroll of noise {unknown}
 j - a scroll of amnesia {unknown}
 k - a scroll of fog {unknown}
Potions
 d - 2 potions of flight {unknown}
Books
 a - a book of Flames

   Spells                             Type                      Level
   a - Flame Tongue                   Conjuration/Fire             1
   b - Throw Flame                    Conjuration/Fire             2
   c - Conjure Flame                  Conjuration/Fire             3
   d - Inner Flame                    Hexes/Fire                   3
   e - Sticky Flame                   Conjuration/Fire             4
   f - Fireball                       Conjuration/Fire             5
Comestibles
 b - 2 rations


   Skills:
 - Level 1.7 Dodging
 - Level 1.7 Stealth
 + Level 2.2 Spellcasting
 * Level 1.6 Conjurations
 * Level 3.8 Fire Magic


You had 5 spell levels left.
You knew the following spells:

 Your Spells              Type           Power        Failure   Level  Hunger
a - Flame Tongue          Conj/Fire      ##...        11%         1    #......


Dungeon Overview and Level Annotations

Branches:
Dungeon (2/15)

Altars:


Innate Abilities, Weirdness & Mutations

Your plain brown scales are hard. (AC +5)
You cannot fit into any form of body armour.
You are cold-blooded and may be slowed by cold attacks.


Message History

The flame tongue hits the jackal.
You kill the jackal!
Casting: Flame Tongue
Confirm with . or Enter, or press ? or * to list all spells.
Aiming: Flame Tongue
Press: ? - help, Shift-Dir - straight line, f - goblin
Aim: a goblin The flame tongue hits the goblin.
The goblin is moderately wounded.
The goblin misses you.
Casting: Flame Tongue
Confirm with . or Enter, or press ? or * to list all spells.
Aiming: Flame Tongue
Press: ? - help, Shift-Dir - straight line, f/p - goblin
Aim: a goblin (moderately wounded)
The flame tongue hits the goblin.
You kill the goblin!
A puff of flame appears from out of thin air!
The puff of flame hits you!
You die...

#.....######.#....######## ##
#............#.)..'....... ..
#.##'#########....###########
#.##.# #..†....o......o..
#.##.# ##o####...#########
#.##.# #.{...#...# #.##.#
#.....#...# #.##.#
#.....#...# ## #.##.#
#.@...#.... ..# #.##.#
#.....###### .. #.#
##'####...####.## #.#
#.##...≈...##..#
#.##.#######.#......§§.##)##
#.##.......#...≈.....≈§....#
#.#######.#........§§.§....#
#.#....<....≈.....≈.....≈..#
#.#.....#..................#


You could see an orc.

Vanquished Creatures
  A ball python (D:1)
  2 giant cockroaches (D:1)
  5 goblins
  3 hobgoblins
  2 jackals (D:2)
  8 bats
  A frilled lizard (D:2)
  4 kobolds
  2 rats (D:1)
28 creatures vanquished.

Notes
Turn   | Place    | Note
-------+----------+-------------------------------------------
     0 | D:1      | gmonis the Draconian Fire Elementalist began the quest for the Orb.
     0 | D:1      | Reached XP level 1. HP: 14/14 MP: 3/3
   448 | D:1      | Reached XP level 2. HP: 20/20 MP: 0/5
  1702 | D:2      | Reached XP level 3. HP: 26/26 MP: 1/6
  1776 | D:2      | Killed from afar by an orc wizard

Vault maps used:
D:1:      saegor_arrival_simple_c
D:2:      kennysheep_doodads

Action                   || total
-------------------------++-------
 Cast: Flame Tongue      ||    63
  Eat: Chunk             ||     2
Armor: Skin              ||    17
Dodge: Dodged            ||    43
Block: Buckler           ||     6

Table legend:
 A = Spawn XP
 B = Non-spawn XP
 C = Spawn XP percentage of total XP
 D = Spawn monster count
 E = Non-spawn monster count
 F = Spawn count percentage of total count
 G = Total turns spent on level
                    A         B        C        D         E        F      G
               +---------+---------+-------+---------+---------+-------+---------
         Total |       0 |      46 |   0.0 |       0 |      28 |   0.0 |  1776
               +---------+---------+-------+---------+---------+-------+---------
           D:1 |       0 |      31 |   0.0 |       0 |      19 |   0.0 |  1451
           D:2 |       0 |      15 |   0.0 |       0 |       9 |   0.0 |   325
               +---------+---------+-------+---------+---------+-------+---------
